 Dungeon Crawl Stone Soup version 0.30-a0-161-gdd60e06945 (webtiles) character file.

Game seed: 4479671257076696443

825 qw the Chopper (level 7, 0/44 HPs)
             Began as a Gargoyle Fighter on Sept 27, 2022.
             Was an Initiate of Okawaru.
             Slain by a two-headed ogre
             ... wielding a +0 giant spiked club
              (11 damage)
             ... on level 5 of the Dungeon.
             The game lasted 00:01:57 (5243 turns).

qw the Chopper (Gargoyle Fighter)                   Turns: 5243, Time: 00:01:58

Health: 0/44       AC: 18    Str: 21    XL:     7   Next: 96%
Magic:  7/7        EV:  9    Int:  9    God:    Okawaru [......]
Gold:   364        SH:  9    Dex:  9    Spells: 6/6 levels left

rFire   . . .      SeeInvis +    Y - +0 war axe
rCold   . . .      Faith    .    c - +0 buckler
rNeg    + . .      Spirit   .    e - +0 plate armour
rPois   inf        Reflect  +    o - +0 helmet
rElec   +          Harm     .    (no cloak)
rCorr   .          Rampage  .    (no gloves)
Will    .....                    (no boots)
Stlth   ..........               h - amulet of reflection
HPRegen 0.14/turn                g - +4 ring of evasion
MPRegen 0.10/turn                i - ring of see invisible

@: no status effects
A: sickness immunity, AC +4, negative energy resistance 1, electricity
resistance, torment resistance 1, petrification resistance
a: Renounce Religion


You were on level 5 of the Dungeon.
You worshipped Okawaru.
Okawaru was noncommittal.
You visited 2 branches of the dungeon, and saw 7 of its levels.

You collected 364 gold pieces.


Innate Abilities, Weirdness & Mutations

You are immune to sickness and miasma.
Your stone body is resilient. (AC +4)
You are immune to poison.
You resist negative energy. (rN+)
You are resistant to electric shocks. (rElec)
You are resistant to unholy torment.
You are immune to petrification.


   Skills:
 - Level 5.0 Fighting
 - Level 7.0 Axes
 - Level 4.4 Armour
 + Level 0.2 Dodging
 - Level 3.2 Shields


You had 6 spell levels left.
You didn't know any spells.
Your spell library was empty.

Inventory:

Hand Weapons
 p - a +0 flail
 Y - a +0 war axe (weapon)
Missiles
 f - 2 boomerangs (quivered)
Armour
 c - a +0 buckler (worn)
 e - a +0 plate armour (worn)
 o - a +0 helmet (worn)
 r - +0 acid dragon scales
Jewellery
 g - a +4 ring of evasion (left hand)
 h - an amulet of reflection (around neck)
 i - a ring of see invisible (right hand)
 k - a ring of protection from cold
Scrolls
 j - 6 scrolls of identify
Potions
 a - 4 potions of curing
 d - 2 potions of might
 n - a potion of cancellation
 q - a potion of resistance

Dungeon Overview and Level Annotations

Branches:
Dungeon (6/15)             Temple (1/1) D:4

Altars:
Cheibriados
Dithmenos
Elyvilon
Fedhas
Gozag
Kikubaaqudgha
Makhleb
Okawaru
Qazlal
Ru
Sif Muna
Wu Jian
Xom
Zin
The Shining One

Annotations:
D:4 3 runed translucent doors, Crazy Yiuf
D:5 2 transporters


Message History

You climb upwards.
Level annotation: 2 transporters
There is a stone staircase leading down here.
You barely miss the gnoll. The gnoll hits you but does no damage.
You closely miss the gnoll. You block the gnoll's attack.
You hit the gnoll.
The gnoll is lightly wounded.
You block the gnoll's attack.
You slash the gnoll!
The gnoll is severely wounded.
The gnoll hits you but does no damage. x2
You slash the gnoll!
You kill the gnoll!
Okawaru accepts your kill.
Partly explored, unvisited transporter.
(D) Dungeon (T) Temple
Where to? (* - list waypoints, Enter - D:6, ? - help)
What level of the Dungeon? (default 1, ? - help)
You climb downwards.
The jelly quivers.
The two-headed ogre closely misses you. You block the two-headed ogre's attack.
There is a stone staircase leading up here.
5239 ||| STAIRDANCE You climb upwards.
Level annotation: 2 transporters
There is a stone staircase leading down here.
You barely miss the two-headed ogre.
The two-headed ogre hits you with a +0 giant spiked club.
You block the two-headed ogre's attack.
You closely miss the two-headed ogre.
The two-headed ogre hits you with a +0 giant spiked club!!
Ouch! That really hurt!
The two-headed ogre hits you with a +0 giant club.
You slash the two-headed ogre!
The two-headed ogre is lightly wounded.
The two-headed ogre hits you with a +0 giant spiked club.
The two-headed ogre hits you with a +0 giant club!
You die...

#.#.......#...#....#
#.##.....##...#....#
..####.####.).##..######
............####..##...##########
....#....(..............#..#.....
....#####...............#..#.....
........########..####+###'#.....
...............#.)##...#.........
...............#@..#...%....#####
...............#.O.'...#....#....
...............#..##...#....#....
####.........).#..######....#....
#...........##'# #....#....
#...........#..# #....#....
#########......#..######....'....
....# #......'..#.........#....
....# #......#+##.....<...#....


You could see a two-headed ogre.

Vanquished Creatures
  Duvessa (D:4)
  An ogre (D:4)
  A necrophage (D:4)
  Dowan (D:4)
  An orc priest (D:5)
  4 hounds
  A jelly (D:4)
  Natasha (twice) (D:2)
  An iguana (D:3)
  3 orc wizards
  4 gnolls
  6 adders
  2 ufetubi (D:5)
  6 worms
  4 dart slugs
  12 orcs
  6 ball pythons
  7 bats
  7 endoplasms
  3 giant cockroaches
  6 goblins
  7 hobgoblins
  8 jackals
  5 kobolds
  2 quokkas
  2 frilled lizards (D:1)
  5 rats
108 creatures vanquished.

Vanquished Creatures (others)
  2 fungi (D:1)
2 creatures vanquished.

Grand Total: 110 creatures vanquished

Notes
Turn   | Place    | Note
-------+----------+-------------------------------------------
     0 | D:1      | qw the Gargoyle Fighter began the quest for the Orb.
     0 | D:1      | Reached XP level 1. HP: 14/14 MP: 1/1
     0 | D:1      | 0 ||| qw: Version: 0.2-a-10-g37ed214
     0 | D:1      | 0 ||| qw: Game counter: 642
     0 | D:1      | 0 ||| qw: Always use a shield: true
     0 | D:1      | 0 ||| qw: God list: Okawaru
     0 | D:1      | 0 ||| qw: Allow faded altars: false
     0 | D:1      | 0 ||| qw: Do Orc after D:15 true
     0 | D:1      | 0 ||| qw: Do second Lair branch before Depths: true
     0 | D:1      | 0 ||| qw: Lair rune preference: random
     0 | D:1      | 0 ||| qw: Plans: Normal, Zot:1-4, God:TSO, Crypt, Tomb,
                  | Pan, Slime:5, Hells, Abyss, Orb
     0 | D:1      | 0 ||| PLANNING D:1-11
    21 | D:1      | Found a faded altar of an unknown god.
   126 | D:1      | 126 ||| Stepping ~*~*~tactically~*~*~ (stealth).
   128 | D:1      | 128 ||| Stepping ~*~*~tactically~*~*~ (stealth).
   139 | D:1      | Reached skill level 2 in Axes
   408 | D:1      | Reached XP level 2. HP: 19/19 MP: 2/2
   477 | D:1      | Reached skill level 3 in Axes
   593 | D:1      | Reached XP level 3. HP: 23/23 MP: 3/3
   857 | D:1      | 857 ||| DROPPING +0 club.
  1118 | D:1      | 1118 ||| UPGRADING to amulet of reflection.
  1123 | D:1      | 1123 ||| UPGRADING to +4 ring of evasion.
  1124 | D:1      | 1124 ||| UPGRADING to ring of see invisible.
  1125 | D:1      | 1125 ||| READING 3 scrolls labelled ODENEUCOXE.
  1126 | D:1      | 1126 ||| READING scroll labelled KAKHLA DIR PIR.
  1127 | D:1      | 1127 ||| READING scroll labelled RIKLANWAGOD.
  1128 | D:1      | 1128 ||| READING scroll labelled UTEZUH FOZASH.
  1129 | D:1      | 1129 ||| READING scroll labelled LEFI MOADA.
  1130 | D:1      | 1130 ||| DROPPING 2 scrolls of noise.
  1168 | D:2      | 1168 ||| Stepping ~*~*~tactically~*~*~ (stealth).
  1269 | D:2      | Noticed Natasha
  1278 | D:2      | Killed Natasha
  1279 | D:2      | Reached skill level 4 in Axes
  1279 | D:2      | Reached XP level 4. HP: 21/28 MP: 4/4
  1374 | D:2      | 1374 ||| Stepping ~*~*~tactically~*~*~ (hiding).
  1384 | D:2      | 1384 ||| Stepping ~*~*~tactically~*~*~ (stealth).
  1385 | D:2      | 1385 ||| Stepping ~*~*~tactically~*~*~ (stealth).
  1642 | D:2      | Noticed Natasha
  1659 | D:2      | Killed Natasha
  1660 | D:2      | Reached XP level 5. HP: 31/32 MP: 5/5
  1830 | D:2      | 1830 ||| UPGRADING to +0 plate armour.
  1840 | D:2      | 1840 ||| DROPPING +0 scale mail.
  1841 | D:2      | 1841 ||| READING scroll labelled GUUXAA ASAR.
  1842 | D:2      | 1842 ||| READING scroll labelled XOM MUAHYB.
  1843 | D:2      | 1843 ||| DRINKING 2 fizzy orange potions.
  1865 | D:3      | 1865 ||| STAIRDANCE
  2056 | D:3      | Found a sacrificial altar of Ru.
  2316 | D:3      | Reached skill level 5 in Axes
  2336 | D:3      | 2336 ||| Stepping ~*~*~tactically~*~*~ (hiding).
  2427 | D:3      | 2427 ||| DROPPING +0 mace.
  2683 | D:3      | Reached XP level 6. HP: 38/38 MP: 6/6
  2685 | D:3      | 2685 ||| Stepping ~*~*~tactically~*~*~ (hiding).
  2687 | D:3      | 2687 ||| Stepping ~*~*~tactically~*~*~ (hiding).
  2850 | D:3      | 2850 ||| UPGRADING to +0 helmet.
  2855 | D:3      | 2855 ||| DROPPING ring of wizardry.
  2856 | D:3      | 2856 ||| READING 2 scrolls labelled HEYSUG ORIBI.
  2861 | D:3      | 2861 ||| DRINKING 2 purple potions.
  2862 | D:3      | 2862 ||| READING 2 scrolls of identify.
  2862 | D:3      | 2862 ||| IDENTIFYING amethyst potion
  2863 | D:3      | 2863 ||| DROPPING potion of brilliance.
  3120 | D:4      | Found a large runed translucent door.
  3121 | D:4      | Found a large runed translucent door.
  3217 | D:4      | Reached skill level 6 in Axes
  3235 | D:4      | Reached XP level 7. HP: 35/43 MP: 7/7
  3285 | D:4      | 3285 ||| FLEEEEING.
  3289 | D:4      | 3289 ||| STAIRDANCE
  3392 | D:3      | 3392 ||| READING scroll labelled YMPELI CAGOSISH.
  3393 | D:3      | 3393 ||| READING scroll labelled GODIFESTEMP.
  3394 | D:3      | 3394 ||| DRINKING 2 sapphire potions.
  3395 | D:3      | 3395 ||| DRINKING 2 viscous grey potions.
  3396 | D:3      | 3396 ||| READING 5 scrolls of identify.
  3396 | D:3      | 3396 ||| IDENTIFYING metallic sapphire potion
  3397 | D:3      | 3397 ||| DROPPING potion of flight.
  3415 | D:4      | Noticed Duvessa
  3416 | D:4      | Noticed Dowan
  3417 | D:4      | 3417 ||| Stepping ~*~*~tactically~*~*~ (stealth).
  3441 | D:4      | Killed Duvessa
  3446 | D:4      | Killed Dowan
  3494 | D:4      | Found a staircase to the Ecumenical Temple.
  3495 | D:4      | 3495 ||| PLANNING TEMPLE
  3504 | Temple   | Entered the Ecumenical Temple
  3515 | Temple   | 3515 ||| PLANNING OKAWARU WORSHIP
  3708 | Temple   | Became a worshipper of Warmaster Okawaru
  3709 | Temple   | 3709 ||| PLANNING D:1-11
  4045 | D:4      | Found a runed translucent door.
  4046 | D:4      | Noticed Crazy Yiuf
  4048 | D:4      | 4048 ||| DROPPING +1 vorpal hammer.
  4052 | D:4      | 4052 ||| DROPPING +3 vorpal hammer.
  4081 | D:5      | Entered Level 5 of the Dungeon
  4126 | D:5      | Found a white marble altar of Elyvilon.
  4174 | D:5      | HP: 10/43 [orc priest/divine providence (16)]
  4175 | D:5      | 4175 ||| READING scroll of teleportation.
  4176 | D:5      | 4176 ||| DRINKING potion of heal wounds.
  4339 | D:5      | Found a transporter.
  4358 | D:5      | Found a transporter.
  4396 | D:5      | 4396 ||| Stepping ~*~*~tactically~*~*~ (hiding).
  4562 | D:5      | 4562 ||| Stepping ~*~*~tactically~*~*~ (hiding).
  4572 | D:5      | Reached skill level 7 in Axes
  5202 | D:5      | 5202 ||| DROPPING ring of flight.
  5203 | D:5      | 5203 ||| READING 7 scrolls of identify.
  5203 | D:5      | 5203 ||| IDENTIFYING green potion
  5204 | D:5      | 5204 ||| DROPPING potion of degeneration.
  5221 | D:6      | 5221 ||| STAIRDANCE
  5229 | D:6      | Noticed a two-headed ogre
  5230 | D:6      | 5230 ||| STAIRDANCE
  5239 | D:6      | 5239 ||| STAIRDANCE
  5243 | D:5      | HP: 11/44 [two-headed ogre/+0 giant spiked club (2)]
  5243 | D:5      | Slain by a two-headed ogre

Levels and vault maps discovered:
D:1:      ncdulo_halloftheorcs, layout_basic,
          shapermc_ecumenical_altar_rom_forum, minmay_misc_feat_alley,
          minmay_tree_intersection
D:2:      layout_basic, minmay_small_reverse_x, uniq_natasha
D:3:      wad_river_or_something, layout_rooms,
          mainiacjoe_overflow_six_doors_small, nicolae_wormholes
D:4:      layout_rooms, jmf_multi_god_temple2, minmay_temple_entry_mist,
          grunt_ministairs_8, uniq_crazy_yiuf_cottage, uniq_duvessa
D:5:      gammafunk_steamed_eel, layout_gridville, old_standard_altar
D:6:      lemuel_ratsnest, layout_loops_cross, mainiacjoe_overflow_alcove_1,
          serial_shops, shop, kennysheep_pointless_box
Temple:   nicolae_temple_bog_church

Skill      XL: |  1  2  3  4  5  6  7 |
---------------+----------------------+-----
Axes           | 2 3 4 5 6 7 |  7.0
Fighting       | 4 5 |  5.0
Armour         | 4 |  4.4
Dodging        | |  0.2
Shields        | |  3.2

Action                   |  1- 3 |  4- 6 |  7- 9 || total
-------------------------+-------+-------+-------++-------
Melee: War axe           |    93 |   177 |   114 ||   384
Throw: Boomerang         |       |       |     3 ||     3
  Use: Scroll            |     5 |     4 |     5 ||    14
       Potion            |       |     2 |     3 ||     5
Armor: Scale mail        |    52 |    13 |       ||    65
       Plate armour      |       |    47 |    65 ||   112
Dodge: Dodged            |    50 |    68 |    38 ||   156
Block: Buckler           |    20 |    75 |    53 ||   148
       Reflection        |       |     1 |     2 ||     3

Table legend:
 A = Non-vault XP
 B = Vault XP
 C = Vault XP percentage of total XP
 D = Non-vault monster count
 E = Vault monster count
 F = Vault count percentage of total count
                 A         B        C        D         E       F
            +---------+---------+-------+---------+---------+-------
      Total |     869 |     310 |  26.3 |      86 |      22 |  20.4
            +---------+---------+-------+---------+---------+-------
        D:1 |      59 |       0 |   0.0 |      27 |       0 |   0.0
        D:2 |      61 |      48 |  44.0 |       9 |       5 |  35.7
        D:3 |     126 |      43 |  25.4 |      15 |      12 |  44.4
        D:4 |     390 |     214 |  35.4 |      17 |       4 |  19.0
        D:5 |     233 |       5 |   2.1 |      18 |       1 |   5.3
            +---------+---------+-------+---------+---------+-------
